Zazza, lawful female human Tourist ------------- ------- |.!..[!++!??| ----- |.....| |.[.I.!"*[?!| ##....-## |..<..| |.+??.I%+(..| ------------- # |...| # |...m@| #-...[I[..[[)| #-...........| ### |...| ### ##-.m....#####|[.!?*?!.?*.| ###|..[...[....-# # -|-.- # # |.[..f| |..?[??..(%[| # |......^....|### ### ### ### ------- ------------- ### -+-----------# ## # # # ### ### ### # # # ## # # # # # ##`##### ### `######### # # ### ----.------#[######### -------.- # ----------# # |.........|# ###-|-.- |.......| -----# |........-# ###|.........|# #..>.| |.......| |...|# |........| #...........# |...| #........| |...-######-........| |.........| |..(.############------|-- ----- ---------- ----------- ----- # Zazza the Sightseer Experience level: 4 Strength: 12 Dexterity: 13 Constitution: 13 Intelligence: 16 Wisdom: 8 Charisma: 15 Health: 0(27) Energy: 12(12) Def: 6 Gold: 1373 Moves: 2858 Dungeon seed: 8QlYa-3SRY6T3baP Game ID: Zazza_1564496125 Your Inventory: Coins $ - 1373 gold pieces Amulets M - an uncursed amulet of unchanging (being worn) Weapons a - 37 blessed +2 darts (in quiver) K - 8 +0 darts S - a +1 dwarvish short sword (weapon in hand) V - 11 +0 arrows Armor e - an uncursed +0 Hawaiian shirt (being worn) r - an uncursed +0 pair of jumping boots (being worn) N - a cursed +0 helm of opposite alignment named lawful (being worn) P - an uncursed +0 studded leather armor (being worn) Y - an uncursed +0 cloak of magic resistance (being worn) Comestibles b - 3 uncursed food rations c - an uncursed egg f - an uncursed melon g - an uncursed tripe ration q - an uncursed pear R - an uncursed cream pie Scrolls I - an uncursed scroll of charging Potions U - an uncursed potion of gain ability Wands Q - a wand of striking (0:6) Tools j - an expensive camera (0:37) k - an uncursed credit card l - a magic marker (0:53) p - an uncursed tin whistle v - an uncursed stethoscope A - an uncursed mirror B - a horn of plenty (0:3) E - a +0 pick-axe O - an uncursed brass lantern (0:1403) Gems n - an uncursed luckstone Spells and supernatural/magical abilities: Name Level Category Fail Memory W - pray for help -- divine ? -- Y - supernatural jump -- ability ? -- Your skills at the end: Fighting Skills Weapon Skills dart [Basic] Spellcasting Skills Final Attributes: You were piously aligned. You were magic-protected. You could jump. You were held by a giant mimic. You could not change from your current form. You were lucky. You had extra luck. Bad luck did not time out for you. Good luck did not time out for you. You are dead. Vanquished creatures: a rock piercer a giant ant 2 floating eyes a kitten a dwarf a homunculus 2 rothes an iguana 2 acid blobs a coyote a gas spore a large kobold a hobgoblin a cave spider 2 yellow molds a red mold a gecko 3 jackals a fox a goblin 2 sewer rats 5 grid bugs 3 lichens 3 newts 39 creatures vanquished. Voluntary challenges: You were an atheist. You used a wielded weapon 8 times, starting on turn 1998. You read items or engraved 6 times, starting on turn 99. You never genocided any monsters. You never polymorphed an object. You never changed form. You used no wishes. You never split a pudding. You wrote Elbereth's name 3 times, starting on turn 1910. You never violated your personal moral code. Dungeon overview: The Dungeons of Doom: levels 1 to 7 Level 1 a long staircase Level 2 a long staircase Level 3 a potion shop Level 4 Level 5 <- You were here a general store Level 6 Level 7 many fountains History has recorded: On T:1 you entered the Dungeons of Doom to retrieve the Amulet of Yendor! On T:390 you reached level 2 of The Dungeons of Doom. On T:753 you reached level 3 of The Dungeons of Doom. On T:974 you advanced to experience level 2. On T:1018 you reached level 4 of The Dungeons of Doom. On T:1424 you reached level 5 of The Dungeons of Doom. On T:1429 you advanced to experience level 3. On T:1972 you reached level 6 of The Dungeons of Doom. On T:2059 you advanced to experience level 4. On T:2409 you reached level 7 of The Dungeons of Doom. Score breakdown: Gold: 766 ( 9813 points) Experience: 4 levels ( 9649 points) Exploration: 7 levels ( 14.58%) (10718 points) Discoveries: 9 items ( 3.02%) ( 5213 points) Valuables value: (no points given unless you survive) Artifact value: 0 ( 0 points) Variety of kills: 24 monsters ( 6.30%) ( 7529 points) Turncount: 2858 turns ( -528 points) Survival: died (score multiplied by 80%) Total score: 33915 Latest messages: You hit it. (2x) You are beginning to feel hungry. You hit it. The small mimic hits! You displace your kitten. The giant ant bumps right into you! The giant ant bites! You kill the giant ant! You see here 11 arrows. You have a little trouble lifting V - 11 arrows. You displace your kitten. Wait! That's a giant mimic! You write in the dust with your fingers. Something is written here in the dust. You read: "Elbe_eth". You see no objects here. You wipe out the message that was written in the dust here. You write in the dust with your fingers. The giant mimic hits! You die... Final status: Aloha Zazza the Tourist, killed by a giant mimic... You died in The Dungeons of Doom on dungeon level 5 with 33915 points, and 1373 pieces of gold, after 2858 moves. You were level 4 with a maximum of 27 hit points when you died.